 Dungeon Crawl Stone Soup version 0.23.2-1-ga50397a (webtiles) character file.

Game seed: 13516953116904941044

42 Fang the Skirmisher (level 3, -1/36 HPs)
             Began as a Gargoyle Berserker on May 17, 2019.
             Was a Follower of Trog.
             Slain by Natasha (3 damage)
             ... on level 2 of the Dungeon.
             The game lasted 00:00:55 (785 turns).

Fang the Skirmisher (Gargoyle Berserker)             Turns: 785, Time: 00:00:55

Health: -1/36      AC:  5    Str: 26    XL:     3   Next: 54%
Magic:  3/3        EV: 12    Int:  7    God:    Trog [*.....]
Gold:   93         SH:  0    Dex:  9    Spells: 2/2 levels left

rFire    . . .     SeeInvis .   a - +0 hand axe
rCold    . . .     Gourm    .   (no shield)
rNeg     + . .     Faith    .   b - +0 animal skin
rPois    ∞         Spirit   .   (no helmet)
rElec    +         Reflect  .   (no cloak)
rCorr    .         Harm     .   (no gloves)
MR       .....                  (no boots)
Stlth    ..........             (no amulet)
HPRegen  0.12/turn              (no ring)
MPRegen  0.08/turn              (no ring)

@: berserking, very quick
A: negative energy resistance 1, electricity resistance, unbreathing,
petrification resistance, rot immunity, AC +3
a: Berserk, Renounce Religion


You were on level 2 of the Dungeon.
You worshipped Trog.
Trog was aware of your devotion.
You were very hungry.

You visited 1 branch of the dungeon, and saw 2 of its levels.

You collected 93 gold pieces.

Inventory:

Hand Weapons
 a - a +0 hand axe (weapon)
Armour
 b - a +0 animal skin (worn)
Jewellery
 m - an uncursed ring of protection from cold {unknown}
Scrolls
 d - a scroll of teleportation {unknown}
 h - 3 scrolls of identify {unknown}
 l - a scroll of enchant weapon {unknown}
Potions
 e - 2 potions of lignification {unknown}
 g - a potion of might {unknown}
 i - a potion of degeneration {unknown}
 j - a potion of flight {unknown}
 k - a potion of brilliance {unknown}
 n - a potion of heal wounds {unknown}
Comestibles
 c - 2 rations
 f - 3 chunks of flesh


   Skills:
 + Level 3.7 Fighting
 + Level 3.1 Axes
 + Level 2.8 Armour
 + Level 2.1 Dodging


You had 2 spell levels left.
You didn't know any spells.
Your spell library was empty.

Dungeon Overview and Level Annotations

Branches:
Dungeon (2/15)

Altars:

Annotations:
D:2 Natasha


Innate Abilities, Weirdness & Mutations

You are resistant to torment.
Your stone body is resilient. (AC +3)
You are immune to poison.
You resist negative energy. (rN+)
You are resistant to electric shocks. (rElec)
You can survive without breathing.
You are immune to petrification.
You are immune to rotting.


Message History

You are too injured to fight recklessly!
You are too injured to fight recklessly!
You are too injured to fight recklessly!
Natasha casts a spell at you. The magic dart hits you.
* * * LOW HITPOINT WARNING * * *
A red film seems to cover your vision as you go berserk!
You feel yourself moving faster!
You feel mighty!
You are feeling very hungry.
Natasha barely misses you.
You slash Natasha!
Natasha is heavily wounded.
Natasha claws you!
* * * LOW HITPOINT WARNING * * *
You slash Natasha!
Natasha is almost dead.
You barely miss Natasha.
Natasha is almost dead.
Natasha claws you.
You die...

#.# ....... #.#
.........#.# ........
#.#
........##.########.##
......................
.......###.....####.##
.......###.....####.####
................@h......
.......###..............
.......# ##....####.####
....<..# #....# #
.......# ......#
.......#.......#
......##.......#
...)..##........
...÷..##....


You could see Natasha.

Vanquished Creatures
  2 adders (D:2)
  A worm (D:2)
  6 hobgoblins
  4 kobolds (D:1)
  3 bats (D:1)
  A goblin (D:1)
  4 rats (D:1)
21 creatures vanquished.

Notes
Turn   | Place    | Note
-------+----------+-------------------------------------------
     0 | D:1      | Fang the Gargoyle Berserker began the quest for the Orb.
     0 | D:1      | Reached XP level 1. HP: 14/14 MP: 1/1
   204 | D:1      | Reached XP level 2. HP: 10/19 MP: 2/2
   711 | D:2      | Reached XP level 3. HP: 16/24 MP: 3/3
   778 | D:2      | Noticed Natasha
   785 | D:2      | Slain by Natasha

Skill      XL: |  1  2 |
---------------+-------+-----
Axes           | 3 |  3.1
Dodging        | 2 |  2.1
Fighting       | |  3.7
Armour         | |  2.8

Action                   || total
-------------------------++-------
Melee: Hand axe          ||    56
Invok: Berserk           ||     2
Armor: Animal skin       ||    15
Dodge: Dodged            ||    31
